 Dungeon Crawl Stone Soup version 0.20.1-1-g8b1a95d (webtiles) character file.

31 Azure the Insei (level 3, -5/26 HPs)
             Began as a Demonspawn Transmuter on Aug 11, 2017.
             Slain by Natasha (8 damage)
             ... on level 2 of the Dungeon.
             The game lasted 00:04:42 (1234 turns).

Azure the Insei (Demonspawn Transmuter)             Turns: 1234, Time: 00:04:43

Health: -5/26      AC:  3    Str: 10    XL:     3   Next: 7%
Magic:  4/6        EV: 12    Int: 14    God:
Gold:   71         SH:  0    Dex: 14    Spells: 5/6 levels left

rFire    . . .     SeeInvis .     - Unarmed
rCold    . . .     Gourm    .   (no shield)
rNeg     . . .     Faith    .   g - +0 leather armour
rPois    .         Spirit   .   (helmet restricted)
rElec    .         Reflect  .   (no cloak)
rCorr    .         Harm     .   (no gloves)
MR       .....                  (boots currently unavailable)
Stlth    +.........             (no amulet)
Regen    0.1/turn               (no ring)
MPRegen  0.1/turn               (no ring)

@: appendage, very slightly contaminated
A: horns 1, talons 3, rot immunity
a: End Transformation


You were on level 2 of the Dungeon.
You were not hungry.
You had grown temporary talons.
You visited 1 branch of the dungeon, and saw 2 of its levels.

You collected 71 gold pieces.

Inventory:

Missiles
 a - 32 arrows
Armour
 g - a +0 leather armour (worn)
Potions
 b - 2 potions of magic
Books
 c - a book of Changes

   Spells                             Type                      Level
   a - Beastly Appendage              Transmutation                1
   b - Sticks to Snakes               Transmutation                2
   c - Spider Form                    Transmutation/Poison         3
   d - Ice Form                       Ice/Transmutation            4
   e - Blade Hands                    Transmutation                5
Comestibles
 d - 2 bread rations
 f - 5 fruits


   Skills:
 * Level 1.1 Fighting
 + Level 0.1 Armour
 * Level 2.0 Dodging
 * Level 3.3 Unarmed Combat
 * Level 2.2 Spellcasting
 + Level 2.0 Transmutations


You had 5 spell levels left.
You knew the following spells:

 Your Spells              Type           Power        Failure   Level  Hunger
a - Beastly Appendage     Tmut           #.....       14%         1    #......


Dungeon Overview and Level Annotations

Branches:
Dungeon (2/15)

Altars:

Annotations:
D:2 Natasha


Innate Abilities, Weirdness & Mutations

You have a pair of small horns on your head.
You are immune to rotting.
You have claws for feet.


Message History

Natasha shimmers violently.
Natasha claws you!
You miss Natasha. You headbutt Natasha.
Natasha is moderately wounded.
Natasha claws you!
Ouch! That really hurt!
* * * LOW HITPOINT WARNING * * *
You hit Natasha but do no damage.
Natasha is moderately wounded.
Natasha misses you.
You hit Natasha but do no damage.
Natasha is moderately wounded.
Natasha misses you.
You barely miss Natasha.
Natasha is moderately wounded.
Natasha barely misses you.
Casting: Beastly Appendage
Confirm with . or Enter, or press ? or * to list all spells.
Your feet morph into talons.
Natasha claws you!
You die...

#.# #.# ###.####
####...<..### #
#...........#
...##+#..#.####.#
...........# #
...........####.##
.....>...h@...%..#
..................
..........#####.#.
.####..#... #
#..#.### #..#.#
#..#.. #.


You could see Natasha.

Vanquished Creatures
  A worm (D:1)
  A dart slug (D:1)
  3 bats (D:1)
  A giant cockroach (D:1)
  3 goblins (D:1)
  3 hobgoblins (D:1)
  3 jackals (D:1)
  A kobold (D:1)
  4 frilled lizards (D:1)
  A leopard gecko skeleton (D:1)
  4 rats (D:1)
25 creatures vanquished.

Notes
Turn   | Place    | Note
-------+----------+-------------------------------------------
     0 | D:1      | Azure the Demonspawn Transmuter began the quest for the Orb.
     0 | D:1      | Reached XP level 1. HP: 15/15 MP: 3/3
   225 | D:1      | Reached skill level 3 in Unarmed Combat
   227 | D:1      | Gained mutation: You are immune to rotting. [demonic ancestry]
   227 | D:1      | Reached XP level 2. HP: 17/21 MP: 3/5
   792 | D:1      | Mutation became permanent: You have a pair of small horns on your head. [demonic ancestry]
   792 | D:1      | Gained mutation: You have a pair of horns on your head. [demonic ancestry]
   792 | D:1      | Reached XP level 3. HP: 9/26 MP: 6/6
  1221 | D:2      | Noticed Natasha
  1234 | D:2      | Slain by Natasha

Skill      XL: |  1  2  3 |
---------------+----------+-----
Unarmed Combat | 3 |  3.3
Dodging        | 2 |  2.0
Transmutations | 2 |  2.0
Fighting       | |  1.1
Armour         | |  0.1
Spellcasting   | |  2.2

Action                   || total
-------------------------++-------
Melee: Unarmed           ||   103
       Kick              ||     6
       Headbutt          ||     5
       Punch             ||     1
 Cast: Beastly Appendage ||    13
  Use: Scroll            ||     5
  Eat: Chunk             ||     1
Armor: Robe              ||     1
       Leather armour    ||    34
Dodge: Dodged            ||    83
